 Dungeon Crawl Stone Soup version 0.29-a0-923-g6e406bff71 (webtiles) character file.

Game seed: 14109457868007133859

6 Aviak the Magician (level 2, -1/22 HPs)
             Began as a Djinni Fire Elementalist on July 27, 2022.
             Slain by a hobgoblin (2 damage)
             ... on level 1 of the Dungeon.
             The game lasted 00:00:32 (212 turns).

Aviak the Magician (Djinni Fire Elementalist)        Turns: 212, Time: 00:00:32

Health: -1/22      AC:  3    Str:  7    XL:     2   Next: 0%
Gold:   21         EV: 11    Int: 16    God:
                   SH:  0    Dex: 13

rFire   + + .      SeeInvis .   c - +0 spear
rCold   x . .      Faith    .   (no shield)
rNeg    . . .      Spirit   .   e - +0 leather armour
rPois   ∞          Reflect  .   (no helmet)
rElec   .          Harm     .   (no cloak)
rCorr   .          Rampage  .   (no gloves)
Will    +....                   (boots unavailable)
Stlth   ++........              (no amulet)
HPRegen 0.07/turn               b - ring of willpower
MPRegen 0.00/turn               (no ring)

@: flying, very slightly contaminated
A: sickness immunity, fire resistance 2, cold vulnerability 1, float, innate
caster, HP casting, extra vitality 1
a: no special abilities


You were on level 1 of the Dungeon.
You visited 1 branch of the dungeon, and saw 1 of its levels.

You collected 21 gold pieces.

Inventory:

Hand Weapons
 c - a +0 spear (weapon)
Armour
 a - a +0 robe
 e - a +0 leather armour (worn)
Jewellery
 b - a ring of willpower (left hand)
Scrolls
 d - a scroll of identify {unknown}


   Skills:
 + Level 0.9 Fighting
 - Level 2.1 Dodging
 - Level 1.5 Stealth
 + Level 2.5 Spellcasting


You couldn't memorise any spells.
You knew the following spells:

 Your Spells              Type           Power      Damage    Failure   Level
a - Foxfire               Conj/Fire      40%        2x1d6     11%         1
b - Scorch                Fire           20%        2d6       16%         2
c - Conjure Flame         Conj/Fire      10%        6-21      30%         3
d - Inner Flame           Hex/Fire       10%        N/A       30%         3
e - Flame Wave            Conj/Fire      10%        2d6       71%         4
Your spell library was empty.

Dungeon Overview and Level Annotations

Branches:
Dungeon (1/15) Zot: 5787

Altars:


Innate Abilities, Weirdness & Mutations

You are immune to sickness and miasma.
You are immune to poison.
Your flesh is very heat resistant. (rF++)
You are vulnerable to cold. (rC-)
You float through the air rather than walking.
You learn spells naturally, not from books.
Your magical power is your life essence.
You have superior vitality. (+4 MHP)


Message History

The quokka completely misses you. The giant cockroach bites you.
You barely miss the quokka.
The quokka is almost dead.
The giant cockroach bites you but does no damage.
The quokka closely misses you. The hobgoblin barely misses you.
The quokka closely misses you. The giant cockroach bites you.
Casting: Foxfire (safe; 11% risk of failure)
Confirm with . or Enter, or press ? or * to list all spells.
You conjure some foxfire!
The hobgoblin hits you.
The giant cockroach bites you but does no damage.
The quokka closely misses you.
You closely miss the quokka.
The quokka is almost dead.
The foxfire hits the quokka.
You kill the quokka!
The foxfire hits the hobgoblin.
The hobgoblin is almost dead.
The hobgoblin hits you. The giant cockroach closely misses you.
You have reached level 2!
Casting: Foxfire (safe; 11% risk of failure)
Confirm with . or Enter, or press ? or * to list all spells.
You miscast Foxfire.
You are very lightly contaminated with residual magic.
Nothing appears to happen.
The giant cockroach bites you but does no damage.
The hobgoblin hits you.
* * * LOW HITPOINT WARNING * * *
Unknown command.
Casting: Foxfire (safe; 11% risk of failure)
Confirm with . or Enter, or press ? or * to list all spells.
You conjure some foxfire!
* * * LOW HITPOINT WARNING * * *
The giant cockroach closely misses you. The hobgoblin closely misses you.
Unknown command.
You hit the hobgoblin but do no damage.
The hobgoblin is almost dead.
The giant cockroach bites you.
* * * LOW HITPOINT WARNING * * *
The hobgoblin hits you.
You die...

#..........#
#.........?# ..........#
#.........# #.
#.........# .. ##.
#.......# ...#.. #.gB..#
#....###### #@##
#..#......# ###vv#####
..........###..........
#.####..#...............
..##.....#.###..........
.# #.###.#.# ######.....
# #.# #...### .....
####.# ##....# .....
...#.# ##...# ....


You could see a giant cockroach and a hobgoblin (ally target).

Vanquished Creatures
  A giant cockroach (D:1)
  2 quokkas (D:1)
  3 rats (D:1)
6 creatures vanquished.

Vanquished Creatures (others)
  12 foxfires (D:1)
12 creatures vanquished.

Grand Total: 18 creatures vanquished

Notes
Turn   | Place    | Note
-------+----------+-------------------------------------------
     0 | D:1      | Aviak the Djinni Fire Elementalist began the quest for the
                  | Orb.
     0 | D:1      | Aviak set off with the following spells memorised: Foxfire,
                  | Scorch, Conjure Flame, Inner Flame, Flame Wave.
     0 | D:1      | Reached XP level 1. HP: 15/15 MP: 0/0
   210 | D:1      | Reached XP level 2. HP: 8/22 MP: 0/0
   212 | D:1      | HP: 1/22 [giant cockroach (1)]
   212 | D:1      | Slain by a hobgoblin

Illustrated notes

Levels and vault maps discovered:
D:1:      lemuel_arrival_room, layout_rooms, shapermc_ecumenical_altar_venn

Action                   || total
-------------------------++-------
Melee: Spear             ||     8
       Unarmed           ||     3
 Cast: Foxfire           ||     7
Armor: Leather armour    ||     4
       Robe              ||     1
Dodge: Dodged            ||    13

Table legend: (Time is in decaauts)
 A = Elapsed time spent in this place.
 B = Non-inter-level travel time spent in this place.
 C = Inter-level travel time spent in this place.
 D = Time resting spent in this place.
 E = Time spent auto-exploring this place.
 F = Levels seen in this place.
 G = Mean time per level.
                   A        B        C        D        E       F      G
               +--------+--------+--------+--------+--------+-----+--------+
         Total |    211 |    211 |      0 |      0 |    155 |   1 |  211.0 |
       Dungeon |    211 |    211 |      0 |      0 |    155 |   1 |  211.0 |
               +--------+--------+--------+--------+--------+-----+--------+

Top non-repeatable levels by time:
     D:1: 211 daAuts
